[Event "Rapid Shavuot-A 2023"]
[Site "Ramat Gan"]
[Date "2023.05.25"]
[Round "5.16"]
[White "Mordechai, Hanan"]
[Black "Shefer, Uri"]
[Result "1-0"]
[ECO "A12"]
[WhiteElo "2366"]
[BlackElo "1881"]
[Annotator "TA"]
[PlyCount "149"]
[EventDate "2023.05.19"]
[EventType "swiss"]
[EventCountry "ISR"]
[SourceTitle "playchess.com"]
[Source "ChessBase"]
[SourceQuality "1"]
[TimeControl "900+5"]

1. Nf3 Nf6 2. g3 d5 3. Bg2 Bf5 4. O-O c6 5. d3 h6 6. Nbd2 e6 7. b3 Be7 8. Bb2 O-O 9. c4 Nbd7 10. a3 a5 11. Ra2 Re8 {[%emt 0:00:20] A12: English Opening: 1...c6 with b3 by White.} 12. Qa1 Bf8 13. Re1 Nc5 {[%emt 0:00:40] Black is slightly better.} 14. Bc3 {[%emt 0:00:29] [#]} b5 $146 (14... Nfd7 $11) ({Predecessor:} 14... Nfd7 15. Bf1 Bg6 16. d4 Ne4 17. Nxe4 Bxe4 18. Nd2 Bg6 19. e4 dxe4 20. Nxe4 Be7 {½-½ Dhananjay,S (2139)-Muthaiah,A (2373) Hyderabad Pearl City op 2019 (5)}) 15. Nd4 a4 (15... b4 $14 16. Nxc6 (16. axb4 axb4 17. Bxb4 Nxd3 $14) 16... bxc3 17. Nxd8 cxd2 18. Rxd2 Raxd8) 16. bxa4 ({Don't take} 16. cxb5 Nxb3 17. N4xb3 (17. Nxc6 Qb6 $11) 17... axb3 18. Nxb3 cxb5) (16. Nxc6 $6 Qb6 17. bxa4 bxc4 $11) (16. Nxf5 $16 exf5 17. b4) 16... bxc4 $14 17. Nxf5 exf5 18. Bxf6 Qxf6 19. Qxf6 gxf6 20. dxc4 Nxa4 ({Weaker is} 20... Nd3 21. Rb1 Rxe2 22. Bf1 $16) 21. cxd5 cxd5 (21... Nc3 $14 22. Raa1 cxd5) 22. Bxd5 $16 Nc3 23. Bxa8 Nxa2 24. Bf3 Nc3 25. Nc4 Rc8 26. Nb6 Rc7 27. a4 Bb4 28. Ra1 {[%emt 0:00:14] Hoping for a5.} Rc5 29. e3 Kg7 30. Nd7 Ra5 31. Nb6 Rc5 $1 32. Kg2 Kg6 33. h4 Ra5 34. Bc6 ({White should play} 34. h5+ $18 Kg7 35. Rc1) 34... Rc5 35. Bd7 Ba5 (35... Kg7 $16 {was worth a try.} 36. a5 Rxa5 37. Rxa5 Bxa5) 36. Nc8 $18 Bd8 37. Nd6 Rd5 38. Bxf5+ Kg7 39. Ne4 Nxa4 40. Rxa4 Rxf5 {[%emt 0:00:01][%mdl 4096] Endgame KRB-KRN} 41. Ra7 {[%emt 0:00:07] [#] And now Nd6 would win.} Rd5 42. Kf3 Rf5+ 43. Ke2 {[%emt 0:00:01] aiming for Rd7.} Rd5 {[%emt 0:00:01] Dodges Rd7} 44. Nd2 f5 45. Nf3 Bf6 46. Ra4 Kg6 47. Nd4 Bxd4 48. Rxd4 {[%emt 0:00:05] KR-KR} ({White should try} 48. exd4 $18 Rd6 49. Kd3) 48... Ra5 $16 49. Rd2 Ra4 50. Kf3 Rb4 51. Rd6+ Kg7 52. h5 Rg4 53. Rd4 {[%emt 0:00:11] White is more active.} Rg5 54. Rh4 Kf6 55. Rh1 Rg4 56. Rh4 (56. Kg2 $16) 56... Rxh4 $11 57. gxh4 {[%emt 0:00:02] KP-KP} Ke5 58. Ke2 $1 f4 59. Kf3 fxe3 60. Kxe3 {[%emt 0:00:12] K3P-KPP} Kf5 {[%emt 0:00:14] ( -> ...Kg4)} 61. Kf3 f6 62. Kg3 Ke5 63. Kg4 Ke4 64. f3+ Ke5 (64... Ke3 $5 65. Kf5 $8 Kxf3 $11) 65. Kg3 Kf5 (65... f5 $5) 66. Kg2 $1 Ke5 67. Kf1 Kf4 68. Kf2 $1 f5 69. Kg2 Ke3 $2 {[%emt 0:00:03][%mdl 8192] [#]} (69... Ke5 $11 70. Kg3 Kd5) 70. Kg3 {[%emt 0:00:01] White mates.} Ke2 71. Kf4 Kf2 72. Kxf5 Kxf3 73. Kg6 Kf4 74. Kxh6 Kf5 75. Kg7 {[%emt 0:00:01] Weighted Error Value: White=0.16 (very precise) /Black=0.13 (very precise)} 1-0

[Event "Rapid Shavuot-A 2023"]
[Site "Ramat Gan"]
[Date "2023.05.25"]
[Round "5.17"]
[White "Gamayev, Oleg"]
[Black "Soybert, Ori"]
[Result "1-0"]
[ECO "D02"]
[WhiteElo "2174"]
[BlackElo "1725"]
[Annotator "NA RC"]
[PlyCount "99"]
[EventDate "2023.05.19"]
[EventType "swiss"]
[EventCountry "ISR"]
[SourceTitle "playchess.com"]
[Source "ChessBase"]
[SourceQuality "1"]
[TimeControl "900+5"]

1. d4 Nf6 2. Nf3 e6 3. g3 d5 4. Bg2 Be7 5. O-O O-O 6. Nbd2 a5 7. c3 c5 8. e3 c4 9. Re1 b5 10. e4 dxe4 11. Ne5 Bb7 12. Nxe4 Bd5 13. Nd2 Bxg2 14. Kxg2 Qd5+ 15. Kg1 Nc6 16. Qe2 Nxe5 17. Qxe5 Qxe5 18. Rxe5 Rab8 19. a3 Bd6 20. Re1 Rfe8 21. a4 Rec8 22. axb5 Rxb5 23. Ra4 Nd5 24. Nxc4 Bc7 25. Nd2 Rb7 26. Ne4 Ra7 27. Kf1 Rb8 28. Ke2 Nb6 29. Ra2 Nc4 30. Kd3 Nd6 31. Nc5 Nb7 32. Na4 Nd6 33. Bf4 Nb5 34. Bxc7 Nxc7 35. Kc2 Nb5 36. Rea1 Nd6 37. Nc5 Rba8 38. Ra4 f6 39. Nxe6 Kf7 40. Nc5 Re8 41. Kd3 f5 42. Rxa5 Rxa5 43. Rxa5 Ne4 44. Ra7+ Kf6 45. Nxe4+ Rxe4 46. Kd2 f4 47. Ra5 f3 48. Re5 Rxe5 49. dxe5+ Kxe5 50. Ke3 1-0

[Event "Rapid Shavuot-A 2023"]
[Site "Ramat Gan"]
[Date "2023.05.25"]
[Round "5.18"]
[White "Kereth, Oren"]
[Black "Gurevich, Neria"]
[Result "1-0"]
[ECO "C08"]
[WhiteElo "2080"]
[BlackElo "1804"]
[Annotator "NA RC"]
[PlyCount "53"]
[EventDate "2023.05.19"]
[EventType "swiss"]
[EventCountry "ISR"]
[SourceTitle "playchess.com"]
[Source "ChessBase"]
[SourceQuality "1"]
[TimeControl "900+5"]

1. e4 c5 2. c3 e6 3. d4 d5 4. exd5 exd5 5. Nf3 Nc6 6. Bb5 Nf6 7. O-O Bd6 8. dxc5 Bxc5 9. Nbd2 O-O 10. Nb3 Bd6 11. Bg5 Be6 12. h3 h6 13. Be3 a6 14. Bd3 Qc7 15. Nbd4 Rfd8 16. Qb3 Rac8 17. Nxe6 fxe6 18. Bb6 Qf7 19. Bxd8 Rxd8 20. c4 Bb8 21. cxd5 exd5 22. Rfe1 Nh5 23. Rad1 Nf4 24. Bb1 Ba7 25. Rd2 Na5 26. Qc3 Nc4 27. Qxc4 1-0

[Event "Rapid Shavuot-A 2023"]
[Site "Ramat Gan"]
[Date "2023.05.25"]
[Round "6.1"]
[White "Aizenberg, Benny"]
[Black "Veinberg, Nimrod"]
[Result "1/2-1/2"]
[ECO "C45"]
[WhiteElo "2403"]
[BlackElo "2410"]
[Annotator "TA"]
[PlyCount "71"]
[EventDate "2023.05.19"]
[EventType "swiss"]
[EventCountry "ISR"]
[SourceTitle "playchess.com"]
[Source "ChessBase"]
[SourceQuality "1"]
[TimeControl "900+5"]

1. e4 e5 2. Nf3 Nc6 3. d4 exd4 4. Nxd4 Bc5 5. Nb3 Bb6 6. Nc3 Nf6 7. Bg5 a5 {[%emt 0:00:05] C45: Scotch Game.} 8. a4 d6 9. Qe2 Nd4 (9... h6 $11 10. Be3 Bxe3 11. Qxe3 O-O) 10. Qd2 (10. Nxd4 $14 Bxd4 11. Qd2 Bxc3 12. Qxc3) 10... Nxb3 $11 11. cxb3 {[%emt 0:00:01] [#]} h6 $146 ({Predecessor:} 11... Be6 12. Bc4 h6 13. Be3 Bxe3 14. Qxe3 O-O 15. O-O Qe7 16. Rfe1 Rfe8 17. f3 b6 {1-0 Krysa,L (2532)-Jeet,J (2279) Titled Tuesday intern op 17th Aug blitz 2021 (4)}) 12. Bxf6 Qxf6 13. Nd5 Qe5 14. Bb5+ Bd7 15. Bxd7+ (15. Nxb6 {simplifies} cxb6 16. Bxd7+ Kxd7 17. O-O) 15... Kxd7 16. O-O (16. Nxb6+ {simplifies} cxb6 17. O-O Rhc8 18. Rfe1) 16... Bc5 ({But not} 16... Qxe4 17. Rad1 Ra6 18. Rfe1 $16) 17. Rac1 c6 18. Rxc5 dxc5 19. Nb6+ Kc7 20. Nxa8+ Rxa8 $15 {[%emt 0:00:01][%mdl 4096] Endgame KQR-KQR} 21. Re1 g5 22. h3 Qd4 23. Qe2 (23. Rd1 $1 $15) 23... Rd8 $17 24. Qh5 Qf6 25. e5 Qf5 (25... Qe6 $17 26. Qf3 Kb6) 26. Qxh6 $11 Rd2 27. Qf6 $36 {[%emt 0:00:00][%mdl 2048] White is pushing.} Rxf2 28. Qxf5 Rxf5 {[%emt 0:00:01][%cal Bf2f5,Bf5d5,Bd5d2][%mdl 32] KR-KR} 29. e6 fxe6 30. Rxe6 Rd5 {[%emt 0:01:36] The position is equal.} 31. Kf2 Rd2+ 32. Re2 Rd3 33. Re3 Rd2+ 34. Re2 Rd3 35. Re3 Rd2+ 36. Re2 {[%emt 0:00:00] Weighted Error Value: White=0.12 (very precise) /Black=0.15 (very precise)} 1/2-1/2

[Event "Rapid Shavuot-A 2023"]
[Site "Ramat Gan"]
[Date "2023.05.25"]
[Round "6.2"]
[White "Zemach, Roee"]
[Black "Mindlin, Alon"]
[Result "1/2-1/2"]
[ECO "A45"]
[WhiteElo "2261"]
[BlackElo "2435"]
[Annotator "TA"]
[PlyCount "104"]
[EventDate "2023.05.19"]
[EventType "swiss"]
[EventCountry "ISR"]
[SourceTitle "playchess.com"]
[Source "ChessBase"]
[SourceQuality "1"]
[TimeControl "900+5"]

1. d4 Nf6 2. Bg5 Ne4 3. Bf4 d5 4. e3 Bf5 5. Bd3 e6 6. Ne2 {[%emt 0:02:44] A45: Trompowsky Attack.} Bd6 (6... g5 $5 7. Bg3 Nc6 $11) 7. Nd2 Nxd2 8. Qxd2 Bxd3 9. Qxd3 O-O 10. O-O {[%emt 0:00:17] [#]} Nd7 $146 ({Predecessor:} 10... Nc6 11. c4 Nb4 12. Qb3 dxc4 13. Qxc4 Nd5 14. Bxd6 cxd6 15. Rac1 Qd7 16. Qb3 a5 {½-½ Turner,M (2509)-Jones,G (2670) Caplin Hastings Online rapid 2021 (10)}) 11. c4 Bxf4 12. Nxf4 c6 13. Rac1 Qb6 14. Qa3 Rfd8 15. Nd3 a5 16. Rc2 dxc4 17. Rxc4 Qb5 18. Qc3 Qd5 19. b3 h6 20. h3 Ra6 21. Nc5 Ra7 22. Nd3 Rda8 (22... Ra6 $5 ) 23. a3 Qd6 24. Qb2 Ra6 25. Rfc1 Rb6 26. Nc5 Rb5 27. Nxd7 Qxd7 28. Rc5 Rxc5 29. Rxc5 $11 {[%emt 0:00:02][%mdl 4096] Endgame KQR-KQR} b6 30. Rc4 Qd6 31. Qc1 Rc8 32. b4 axb4 {[%emt 0:00:03] The position is equal.} 33. axb4 Qd5 34. Qc2 g6 35. Rc3 Qb5 36. Qb3 Ra8 37. Qc4 Qxc4 38. Rxc4 {[%emt 0:00:02] KR-KR} Ra1+ 39. Kh2 Rb1 40. Kg3 b5 41. Rxc6 Rxb4 42. Rc2 Rb1 43. Kf4 b4 44. Rc8+ Kg7 45. Rb8 Rb2 46. Kf3 b3 47. e4 Rb1 48. Rb6 g5 49. d5 exd5 50. exd5 b2 51. g3 Rd1 52. Rxb2 {[%emt 0:00:03] Hoping for Ke4.} Rxd5 {Weighted Error Value: White=0.04 (flawless) /Black=0.03 (flawless)} 1/2-1/2

[Event "Rapid Shavuot-A 2023"]
[Site "Ramat Gan"]
[Date "2023.05.25"]
[Round "6.3"]
[White "Rozen, Eytan"]
[Black "Parkhov, Yair"]
[Result "1/2-1/2"]
[ECO "B09"]
[WhiteElo "2417"]
[BlackElo "2505"]
[Annotator "TA"]
[PlyCount "59"]
[EventDate "2023.05.19"]
[EventType "swiss"]
[EventCountry "ISR"]
[SourceTitle "playchess.com"]
[Source "ChessBase"]
[SourceQuality "1"]
[TimeControl "900+5"]

1. e4 d6 2. d4 Nf6 3. Nc3 g6 4. f4 Bg7 5. Nf3 O-O 6. e5 dxe5 7. fxe5 Nd5 8. Bc4 Nxc3 9. bxc3 c5 10. O-O {[%emt 0:00:02] B09: Pirc Defence: Austrian Attack.} (10. dxc5 Qa5 11. O-O Qxc3 $15) 10... Bg4 $1 {[%emt 0:00:06] 10...Bg4 scores better than 10...Nc6.} 11. Qd3 {[%emt 0:00:12] Strongly threatening Rb1.} (11. dxc5 Qc7 $15) 11... Nc6 {[%emt 0:00:27] And now ...cxd4 would win.} 12. Ng5 (12. dxc5 Bxf3 13. gxf3 Nxe5 14. Qxd8 Raxd8 $17) 12... e6 $1 13. Qg3 $1 (13. dxc5 Nxe5 14. Qg3 Qc8 $19) 13... Bf5 14. Rxf5 exf5 (14... gxf5 15. Ne4 Kh8 16. Bg5 $11 (16. Nxc5 Nxd4 17. Bg5 Nf3+ 18. gxf3 Qc7 $17)) 15. e6 $1 {[%emt 0:00:06][%cal Re6f7] [#]} Nxd4 $5 $146 {[%emt 0:06:22][%mdl 8] An interesting novelty.} ({Predecessor:} 15... Bxd4+ 16. Kf1 Be5 17. Bf4 Qd6 18. Nxf7 Rxf7 19. exf7+ Kg7 20. Bxe5+ Nxe5 21. Re1 Nxf7 22. Qxd6 Nxd6 {0-1 Smirnov,P (2544)-Onischuk,V (2633) Titled Tuesday intern op 29th Sept blitz 2020 (6)}) 16. Nxf7 $2 (16. exf7+ $18 Kh8 17. Nxh7 (17. cxd4 $2 {perishes.} Qxd4+ 18. Be3 Qxa1+ $19)) 16... Qe7 $11 {[%emt 0:01:43][%cal Ob7b5] aiming for ...b5!} 17. cxd4 (17. Nh6+ $11 Kh8 18. Bg5) 17... Bxd4+ $17 18. Kh1 Bxa1 19. c3 {[%emt 0:00:02] White wants to mate with Qe5.} Qf6 20. Bd2 {[%emt 0:03:01] [#] This pair of bishops is nice.} f4 $1 21. Qf3 (21. Qe1 $17 {was the only defense.}) 21... Rxf7 22. exf7+ Kg7 {[%emt 0:00:01] ...Rd8 is the strong threat.} 23. Bxf4 {[%emt 0:00:39][%cal Of4h6] [#] Bh6+! would kill now.} Qxc3 (23... g5 $1 $19 24. Bc7 (24. Qxb7 $2 {is the wrong capture.} Rd8 $19) 24... Bxc3 25. Qxf6+ Bxf6) 24. Bh6+ {[%emt 0:00:31][%mdl 64] Decoy} Kxh6 25. f8=B+ {[%emt 0:00:09] [#]} Rxf8 $1 26. Qxf8+ Kg5 (26... Qg7 $5 27. Qf4+ g5 28. Qd6+ Qg6 29. Qxc5 Qb1+ 30. Qg1 Qxg1+ 31. Kxg1 Bd4+ 32. Kf1 Kh5 $15) 27. Qe7+ {[%emt 0:00:15] The position is equal.} Kh6 28. Qh4+ Kg7 29. Qe7+ Kh6 {[%emt 0:00:01] ( -> ...Qc1+)} 30. Qh4+ {[%emt 0:00:14] An interesting game.   Weighted Error Value: White=0.36/Black=0.35} 1/2-1/2

[Event "Rapid Shavuot-A 2023"]
[Site "Ramat Gan"]
[Date "2023.05.25"]
[Round "6.4"]
[White "Dvoirys, Semen I."]
[Black "Zanan, Evgeny"]
[Result "0-1"]
[ECO "C02"]
[WhiteElo "2470"]
[BlackElo "2485"]
[Annotator "TA"]
[PlyCount "144"]
[EventDate "2023.05.19"]
[EventType "swiss"]
[EventCountry "ISR"]
[SourceTitle "playchess.com"]
[Source "ChessBase"]
[SourceQuality "1"]
[TimeControl "900+5"]

1. e4 e6 2. d4 d5 3. e5 c5 4. c3 Nc6 5. Nf3 Qb6 6. a3 c4 7. Nbd2 Na5 8. Be2 Bd7 9. O-O h6 10. a4 {[%emt 0:00:15] C02: French: Advance Variation.} O-O-O (10... Ne7 $11) 11. Qe1 (11. Rb1 $14) 11... Kb8 12. Bd1 (12. b4 {deserves consideration.} cxb3 13. Ba3) 12... Ne7 $11 13. Bc2 Nc8 (13... Nec6 $15) 14. Qd1 Qc7 15. Ne1 {[%emt 0:00:34] [#]} Be7 $146 ({Predecessor:} 15... g6 16. g3 Be7 17. Ng2 Rdg8 18. h4 Qd8 19. Nf3 a6 20. Ne3 Ka7 21. Ng4 h5 {0-1 Aravindh,C (2593)-Erigaisi,A (2324) Commonwealth-ch 2017 (8)}) 16. f4 f5 17. b3 (17. Rf2 $15) 17... cxb3 $17 {[%emt 0:00:12] Black is more active.} 18. Nxb3 Nc4 {[%emt 0:00:41] Repels Qd2} (18... Qxc3 $2 19. Bd2 Qc7 20. Bxa5 $18) ({Black should play} 18... Nxb3 $17 19. Bxb3 Qxc3) 19. Nd3 $11 a5 20. Nbc5 Ka7 (20... g5 $11) 21. Bb3 (21. Rb1 $16 Bxc5 22. Nxc5) 21... N8b6 22. Ra2 g5 23. Qh5 Be8 24. Qe2 (24. Nxe6 $2 Qc8 25. Qe2 Qxe6 $19) 24... Qc8 25. g4 $2 (25. Ra1 $11) 25... Bg6 $19 26. Bd1 fxg4 27. fxg5 (27. Qe1 $142) 27... hxg5 28. Qxg4 Bf5 29. Qe2 Rh4 30. Qe1 Rdh8 31. Rf3 Nd7 32. Nxd7 Qxd7 33. Rg3 Qe8 34. Rf2 Qg6 35. Nb2 (35. Qe2 Rh3 36. Nb2) 35... Qh7 36. Qe2 Re4 37. Qf1 Bh3 $2 (37... Nxe5 38. dxe5 Bc5) 38. Rxh3 Qxh3 39. Nxc4 (39. Bf3 $142 Qxf1+ 40. Kxf1 Nxb2 41. Bxe4 Nxa4 42. Bd3) 39... dxc4 40. Bf3 {[%emt 0:00:22] Strongly threatening Qxh3.} Qxf1+ 41. Rxf1 Reh4 42. Rf2 $2 (42. Be3 $17 {is a better defense.}) 42... g4 43. Bg2 Rxh2 44. Rb2 b6 45. Be3 R8h3 46. Bf4 {[%emt 0:01:01] [#]} Rxg2+ 47. Rxg2 Rxc3 48. Rxg4 {[%emt 0:00:01][%mdl 4096] Endgame KRB-KRB} Ka6 $2 ({Better is} 48... Bb4 $19 {Hoping for ...Kb7.} 49. Kf2 Kb7) 49. Rg6 $15 Rd3 (49... Rf3 $15 50. Bh6 Bb4 51. Rxe6 Kb7) 50. Rxe6 $11 Rxd4 51. Be3 Rd1+ 52. Kg2 Bd8 53. Rc6 Rd5 54. e6 Kb7 55. e7 {[%emt 0:00:37][%mdl 64] Deflection} ({Much worse is} 55. Rxc4 Re5 56. Kf3 Rxe6 $17) 55... Bxe7 (55... Kxc6 $2 56. e8=Q+ (56. e8=R $2 {loses.} c3 $19) 56... Kb7 57. Qe4 $18) 56. Rxb6+ Kc7 57. Ra6 Bb4 58. Kf3 c3 59. Rg6 $2 (59. Ke4 $11 Rd1 60. Ra7+ Kb8 61. Ra6) 59... Rd1 $2 (59... Rd3 $19 60. Rg7+ Kc6) 60. Rg4 Kc6 {[%emt 0:00:09] And now ...Kd5 would win.} (60... Ra1 $5 ) 61. Rc4+ (61. Ke2 $11 {remains equal.} Rh1 62. Kd3) 61... Kd5 $17 62. Rc8 Ra1 63. Ke2 Rxa4 64. Kd3 Ra1 65. Kc2 Rh1 {[%emt 0:00:08] aiming for ...Rh2+.} 66. Kb3 $2 (66. Rd8+ $17 Ke6 67. Bc1) 66... Rb1+ $2 (66... Ke4 $1 67. Bg5 Rb1+ 68. Ka4 Kd3) 67. Kc2 $19 Rb2+ 68. Kd3 a4 (68... Rh2 $17 {...Rh3 would be deadly.} 69. Bc1 Rg2) 69. Bc1 $11 Rh2 (69... Ra2 $5 ) 70. Ra8 $2 (70. Rd8+ $1 $11 {and White is okay.} Ke5 71. Ra8) 70... Rh3+ {[%emt 0:00:04] Black is clearly better.} 71. Kc2 {[%emt 0:00:01] [#]} Kc4 $1 {[%emt 0:00:01] ( -> ...Rh2+)} 72. Rc8+ {[%emt 0:00:10] [#]} Bc5 $1 {[%emt 0:00:03] Weighted Error Value: White=0.42/Black=0.41} 0-1

[Event "Rapid Shavuot-A 2023"]
[Site "Ramat Gan"]
[Date "2023.05.25"]
[Round "6.5"]
[White "Levitan, Tal"]
[Black "Yaniv, Ori"]
[Result "1-0"]
[ECO "B22"]
[WhiteElo "2328"]
[BlackElo "2156"]
[Annotator "TA"]
[PlyCount "117"]
[EventDate "2023.05.19"]
[EventType "swiss"]
[EventCountry "ISR"]
[SourceTitle "playchess.com"]
[Source "ChessBase"]
[SourceQuality "1"]
[TimeControl "900+5"]

1. e4 c5 2. c3 Nf6 3. e5 Nd5 4. d4 cxd4 5. cxd4 Nc6 6. Nf3 d6 7. Bc4 Nb6 8. Bb5 dxe5 9. Nxe5 Bd7 10. Nxd7 Qxd7 11. Nc3 e6 12. O-O Be7 13. Qg4 {[%emt 0:00:05] B22: Sicilian: 2 c3.} Bf6 14. Rd1 h5 15. Qe4 {[%emt 0:00:09] White is slightly better.} a6 16. Bxc6 bxc6 17. Bf4 Nd5 {[%emt 0:00:43] [#]} 18. Na4 $146 ({Predecessor:} 18. Be5 Qe7 19. Na4 O-O 20. Rac1 Rfc8 21. Rc5 Bxe5 22. Qxe5 g6 23. a3 Qb7 24. Rd3 {0-1 Baier,U (1707)-Khanukov,B (2246) Leverkusen Bayer op 10th 2012 (1)}) 18... Nxf4 19. Qxf4 (19. Nb6 $2 Qb7 20. Nxa8 Nd5 $19) 19... O-O (19... Rd8 $11) 20. Nb6 $1 $36 {[%emt 0:00:11][%csl LRa8,LRd7][%mdl 2048] White is on the roll.} Qb7 21. Nxa8 Rxa8 22. Rab1 (22. b3 $142) 22... Rd8 23. Qf3 Rd5 24. b4 Bxd4 25. Rd2 g6 26. g3 c5 27. Qd1 (27. Qe4 $16 {aiming for bxc5.} Qc6 28. Kg2) 27... Qd7 (27... e5 $11) 28. Qc2 (28. Qf1 $1 $14) 28... cxb4 (28... Qc6 $1 $11 {remains equal.}) 29. Rxb4 e5 30. Rb8+ Kg7 31. Qc8 {[%emt 0:00:41] Dodges Qh3. White is more active.} Qxc8 32. Rxc8 {[%emt 0:00:01][%mdl 4096] Endgame KRR-KRB} Ra5 33. Rc7 Ra3 34. h4 (34. Rb7 $16) 34... Rxg3+ $11 35. Kf1 (35. Kh2 $1 $11 {was the only way to keep the balance.} Rg4 36. Kh3) 35... Rh3 $17 36. Rc6 a5 (36... Rxh4 37. Rxa6 g5 38. Kg2 $17) 37. Ra6 (37. Kg2 $142 Rxh4 38. Ra6) 37... Rxh4 $19 38. Rd3 Rf4 39. f3 h4 {[%emt 0:00:12] Threatens to win with ...h3.} 40. Kg2 g5 41. Rxa5 g4 ({Better is} 41... Rf6 $17 42. a4 Rc6) 42. fxg4 $11 Rxg4+ 43. Kh3 Rf4 44. a4 Ba1 45. Ra3 {[%emt 0:00:40][%mdl 1024] White has compensation.} Bd4 46. Rd5 {[%emt 0:00:03] a5 would be deadly.} Kf6 {[%emt 0:00:07] [#]} ({Black should play} 46... Rf1 $14) 47. a5 $1 $16 {[%emt 0:00:02] Black must now prevent a6.} Ke6 48. Rd8 {[%emt 0:00:13] Strongly threatening a6.} Rf1 $2 (48... Bc5 $16 49. Ra2 Rf3+ 50. Kh2 (50. Kxh4 $2 Be7+ 51. Kg4 Rf4+ 52. Kg3 Bh4+ 53. Kh3 Bxd8 $19) 50... Ba7) 49. a6 ({Weaker is} 49. Kxh4 Bc5 50. Rdd3 (50. Re8+ $2 Kd7 $19) 50... e4 $11) (49. Rxd4 $142 exd4 50. a6 Rh1+ 51. Kg2) 49... Rh1+ $18 50. Kg2 Rg1+ {[%emt 0:00:00] [#]} 51. Kh2 $1 {[%emt 0:00:01][%cal Od8d4] Hoping for Rxd4!} Bc5 52. a7 Bxa3 53. a8=Q {[%emt 0:00:08] White mates.} (53. a8=B $2 {perishes.} Rg3 54. Bd5+ Kf6 $19) 53... Rg3 54. Qc6+ Kf5 55. Qd7+ Kf6 56. Rh8 Rg5 57. Rxh4 Bb2 58. Rh7 Rg7 59. Qd6+ {[%emt 0:00:06] A wild game.   Weighted Error Value: White=0.32/Black=0.29 (precise)} 1-0

[Event "Rapid Shavuot-A 2023"]
[Site "Ramat Gan"]
[Date "2023.05.25"]
[Round "6.6"]
[White "Uritsky, Yonathan"]
[Black "Levin, Guy"]
[Result "0-1"]
[ECO "B10"]
[WhiteElo "2118"]
[BlackElo "2424"]
[Annotator "TA"]
[PlyCount "96"]
[EventDate "2023.05.19"]
[EventType "swiss"]
[EventCountry "ISR"]
[SourceTitle "playchess.com"]
[Source "ChessBase"]
[SourceQuality "1"]
[TimeControl "900+5"]

1. e4 c6 2. Ne2 d5 3. e5 Bf5 4. Ng3 Bg6 5. h4 h5 6. e6 {[%emt 0:00:01] B10: Caro-Kann: 2 d3 and 2 c4.} fxe6 7. d4 Nf6 (7... Nd7 $15) 8. Bd3 $11 {[%emt 0:00:02] The position is equal.} Bxd3 9. Qxd3 {[%emt 0:00:01] [#] Hoping for 0-0.} Qd6 $146 ({Predecessor:} 9... Na6 10. Nd2 Qa5 11. Qg6+ Kd7 12. O-O Rh6 13. Qd3 c5 14. Nb3 c4 15. Nxa5 cxd3 16. Bxh6 gxh6 {1-0 Hebbinghaus,H (2294)-Klein,R (2015) Niedersachsen-ch op 2009 (5)}) 10. Nd2 (10. Qg6+ $14 Kd7 11. Nc3) 10... e5 $1 11. Qg6+ Kd7 $1 12. Nf3 exd4 13. O-O {[%emt 0:00:04] Threatens to win with Nf5.} Ng4 $1 14. Qf5+ ({White should try} 14. Qd3 $1 $15) 14... e6 $17 15. Qf7+ Qe7 16. Qg6 Qf6 17. Qd3 e5 $1 18. Bg5 Qe6 (18... Qf7 $17 {...Kc8 would be deadly.} 19. Rae1 Bd6) 19. Rfe1 c5 {[%emt 0:00:33][%cal Bc6c5,Bc5c4][%mdl 32] Strongly threatening ...c4.} 20. Qb3 (20. b4 $17) 20... Kc8 21. c3 c4 22. Nxd4 Qd7 23. Qb5 {[%emt 0:00:28] [#]} Qxb5 $1 ({Reject} 23... Qf7 $6 24. f3 Na6 25. fxg4 $14 (25. Qa5 Qd7 $14)) 24. Nxb5 a6 25. Na3 Bc5 $36 {[%emt 0:00:15][%mdl 2048] Black is really pushing.} 26. Re2 Rf8 27. Rf1 g6 28. Nc2 Nc6 {[%emt 0:00:03] Black is more active.} 29. Ne3 Nxe3 30. fxe3 (30. Bxe3 $17 {was necessary.} Bxe3 31. Rxe3) 30... Rxf1+ $19 31. Kxf1 {[%emt 0:00:17] [#]} Kd7 $1 32. Rf2 Rf8 {[%emt 0:00:02] Prevents Rf7+} 33. Rxf8 Bxf8 {[%emt 0:00:02][%mdl 4096] Endgame KBN-KBN} 34. Ke2 e4 35. Kd2 Bd6 36. Ne2 Ke6 37. Bf4 Be7 38. Bg3 (38. Bc7 {might work better.}) 38... Kf5 39. Nf4 Bd6 {[%emt 0:00:12] White must now prevent ...Kg4.} 40. Nxh5 gxh5 41. Bxd6 {[%emt 0:00:02] KB-KN} Kg4 42. g3 $2 (42. Bc7 {was the crucial defense.}) 42... Kf3 43. b4 b5 44. a3 Nd8 45. Bf4 Nc6 {[%emt 0:00:39] And now ...Ne7 would win.} 46. Bd6 {[%emt 0:00:19] Prevents Ne7} a5 {[%emt 0:00:07] ...a4 is the strong threat. Black is clearly winning.} 47. Bc7 (47. g4 $142 hxg4 48. bxa5 Nxa5 49. Ke1) 47... axb4 48. axb4 Ne7 {[%emt 0:00:01] Weighted Error Value: White=0.62/Black=0.21 (precise)} 0-1

[Event "Rapid Shavuot-A 2023"]
[Site "Ramat Gan"]
[Date "2023.05.25"]
[Round "6.7"]
[White "Mesropov, Konstantin"]
[Black "Ehrlich, Roy"]
[Result "0-1"]
[ECO "C01"]
[WhiteElo "2437"]
[BlackElo "2228"]
[Annotator "TA"]
[PlyCount "52"]
[EventDate "2023.05.19"]
[EventType "swiss"]
[EventCountry "ISR"]
[SourceTitle "playchess.com"]
[Source "ChessBase"]
[SourceQuality "1"]
[TimeControl "900+5"]

1. d4 e6 2. e4 d5 3. exd5 exd5 4. Bd3 Bd6 5. Nc3 c6 6. Qf3 Ne7 {[%emt 0:01:25][%cal Bg8e7,Be7g6,Bg6h4,Bh4g2][%mdl 32] C01: French: Exchange Variation.} 7. Nge2 Ng6 {[%emt 0:00:09] [#]} 8. h4 $146 ({Predecessor:} 8. Qh5 Nd7 9. Bg5 Nf6 10. Qf3 O-O 11. O-O Re8 12. Rae1 Bg4 13. Bxf6 Qd7 14. Bf5 Bxf5 {0-1 Yang,S (1769)-Zhu,H (2163) CHN-chB Qiziwan 2023 (3)}) 8... Nxh4 {[%emt 0:00:39] The position is equal.} 9. Qh5 Be7 (9... Nxg2+ $2 10. Kf1 $18) 10. Ng3 (10. Bd2 $11) 10... Na6 (10... Nxg2+ $17 11. Kf1 Nh4) 11. a3 Nxg2+ 12. Kf1 Nh4 {[%emt 0:00:02] Threatens to win with ...Nc7.} 13. Bd2 (13. Qe5 $17 Kf8 14. Nh5 (14. Bxa6 $2 bxa6 15. Qh5 Bf6 $19)) 13... Nc7 $19 ({Avoid the trap} 13... Be6 $2 14. Na4) 14. Re1 Be6 15. Bf4 {[%emt 0:01:37] [#] Strongly threatening Bxc7.} Kd7 16. Be5 g6 17. Qe2 Re8 18. f4 Bf6 (18... Kc8 $19 19. Nd1 h5) 19. Qf2 Bg4 20. Nge4 dxe4 21. Nxe4 {[%emt 0:00:01] [#]} Be7 22. Nc5+ (22. Bxc7 $142 Kxc7 23. Ng5) 22... Bxc5 $2 (22... Kc8 $19 23. Bxc7 Kxc7 24. Rxe7+ Qxe7 25. Rxh4 h5) 23. dxc5 $4 (23. Rxh4 $17 Be7 24. Rxg4) 23... Nf3 24. Rxh7 Nxe1 25. Rxf7+ (25. Qxe1 $142 Kc8 26. Rxf7 Bh3+ 27. Kg1) 25... Re7 26. Bxc7 Kxc7 {[%emt 0:00:13] Excellently played by Ehrlich!   Weighted Error Value: White=0.91/Black=0.32} 0-1